Map: Oceanborn LE

Players

Wayne (Vanya) - Winner!

  • Race: Zerg Zerg
  • League: Master
  • Spawn Location: 5:00

Bunny

  • Race: Terran Terran
  • Spawn Location: 11:00

Event: IEM Katowice 2024

VOD

Have the link to the VOD?

Description

Time

  • Played on: Dec. 7, 2023, 2:04 p.m.
  • Length: 19:17

All games in this series

Show
View Real Time Build Order
Export as new Build Order

Wayne Zerg - Winner!

Build Orders: Hatch First 

Get SALT Encoding   

  12  0:00  Drone  
  13  0:09  Drone  
  14  0:32  Hatchery  
  14  0:35  Drone  
  14  0:41  Extractor, Drone  
  15  0:47  Overlord  
  15  1:03  Spawning Pool  
  14  1:06  Drone  
  14  1:10  Drone  
  16  1:14  Drone  
  17  1:19  Drone  
  18  1:28  Extractor  
  18  1:29  Drone  
  18  1:40  Drone  
  19  1:47  Drone  
  19  1:49  Queen x2  
  19  1:51  Drone  
  25  1:56  Drone  
  26  2:01  Overlord  
  26  2:07  Drone  
  27  2:13  Drone  
  28  2:22  Zergling x2  
  29  2:23  Zergling x2  
  29  2:25  Queen  
  29  2:29  Spore Crawler  
  31  2:36  Overlord  
  32  2:37  Drone  
  32  2:42  Metabolic Boost  
  33  2:51  Drone  
  34  2:52  Drone  
  34  2:55  Hatchery  
  34  3:00  Drone x2  
  34  3:04  Drone  
  37  3:06  Drone x2  
  37  3:08  Drone  
  40  3:14  Overlord  
  40  3:18  Queen  
  42  3:23  Drone x2  
  44  3:35  Drone x2  
  44  3:36  Drone  
  44  3:40  Drone x5, Extractor  
  51  3:46  Overlord  
  51  3:50  Drone  
  52  3:59  Lair  
  52  4:03  Roach Warren  
  52  4:04  Queen  
  52  4:05  Drone x3  
  52  4:06  Drone  
  57  4:10  Zergling x6  
  57  4:14  Queen  
  62  4:21  Overlord  
  62  4:24  Drone  
  62  4:25  Drone x2  
  62  4:26  Drone  
  62  4:29  Overlord  
  66  4:32  Extractor  
  66  4:34  Drone  
  66  4:39  Overlord  
  66  4:40  Drone x6  
  66  4:44  Zergling x4  
  74  4:49  Drone x2  
  76  4:53  Drone  
  76  4:54  Spore Crawler  
  76  4:56  Spore Crawler  
  76  4:57  Glial Reconstitution, Spore Crawler  
  74  5:00  Overseer  
  74  5:03  Extractor  
  74  5:05  Infestation Pit  
  74  5:06  Drone x5  
  77  5:09  Drone x2  
  77  5:11  Drone  
  80  5:15  Evolution Chamber  
  80  5:17  Roach x3  
  85  5:22  Roach  
  85  5:23  Overlord  
  85  5:27  Extractor, Overlord  
  85  5:28  Extractor, Drone x2  
  87  5:36  Drone  
  87  5:37  Drone  
  87  5:38  Drone  
  90  5:43  Zerg Ground Armor Level 1  
  90  5:45  Drone  
  90  5:46  Hatchery  
  90  5:47  Drone x2  
  90  5:48  Evolution Chamber  
  91  5:52  Hive  
  91  5:53  Drone  
  90  6:02  Drone x3  
  91  6:05  Overlord  
  91  6:07  Roach  
  91  6:08  Roach x4  
  101  6:12  Baneling Nest  
  101  6:14  Zerg Melee Weapons Level 1  
  100  6:21  Overlord  
  100  6:23  Drone  
  100  6:24  Drone x7  
  107  6:34  Overlord  
  107  6:35  Roach x3  
  107  6:37  Overlord x2  
  113  6:41  Drone  
  114  6:48  Extractor, Ravager x3  
  114  6:49  Extractor  
  114  6:50  Overlord x2  
  115  6:57  Centrifugal Hooks  
  115  6:58  Drone x3  
  115  7:00  Roach x4  
  126  7:06  Spore Crawler  
  126  7:07  Adrenal Glands  
  125  7:09  Ultralisk Cavern  
  125  7:14  Zergling x16  
  132  7:22  Zergling x6  
  135  7:32  Drone x2, Overlord  
  135  7:33  Viper x2  
  135  7:34  Zergling x2  
  135  7:35  Zergling x8  
  148  7:39  Overlord  
  148  7:42  Drone x3  
  148  7:43  Drone  
  152  7:56  Zergling x14, Hatchery  
  156  8:05  Chitinous Plating  
  153  8:08  Ultralisk  
  153  8:09  Ultralisk  
  163  8:20  Zerg Melee Weapons Level 2  
  163  8:21  Zerg Ground Armor Level 2  
  163  8:22  Drone  
  164  8:28  Overlord  
  164  8:30  Drone  
  164  8:33  Hatchery  
  164  8:36  Zergling x20  
  164  8:39  Baneling x7  
  174  8:52  Overlord  
  174  8:53  Ultralisk  
  181  8:58  Pneumatized Carapace, Overseer  
  181  9:02  Zergling x6  
  183  9:04  Baneling x8  
  183  9:08  Overlord  
  183  9:16  Hatchery  
  182  9:18  Zergling x8, Ultralisk  
  190  9:24  Anabolic Synthesis  
  190  9:29  Zergling x22  
  190  9:30  Zergling x10  
  200  9:51  Baneling x5  
  199  9:53  Baneling x4  
  199  9:59  Drone x4  
  199  10:01  Drone x2  
  199  10:02  Drone x2  
  199  10:03  Drone x2  
  194  10:24  Zergling x10  
  191  10:37  Zerg Ground Armor Level 3, Zerg Melee Weapons Level 3  
  165  10:49  Zergling x10, Ultralisk x8  
  178  10:50  Zergling x4  
  178  10:56  Zergling x12  
  184  11:01  Baneling  
  184  11:02  Baneling x9  
  184  11:04  Zergling x12  
  190  11:11  Ravager x4  
  190  11:12  Zergling x12  
  200  11:20  Overseer  
  175  11:40  Zergling x46  
  189  11:49  Infestor x3  
  189  11:51  Zergling x8  
  198  11:55  Overlord  
  191  12:02  Zergling x14  
  191  12:08  Zergling x6  
  181  12:24  Zergling x22  
  190  12:34  Zergling x8  
  192  12:38  Hatchery  
  192  12:43  Spire  
  190  12:48  Zergling x2  
  190  12:49  Zergling x14  
  168  13:05  Zergling x16, Roach x3  
  144  13:14  Ultralisk x5  
  144  13:16  Ultralisk  
  144  13:17  Ultralisk x2  
  192  13:23  Drone x3  
  192  13:24  Drone  
  196  13:27  Spore Crawler  
  195  13:38  Overseer  
  195  13:39  Overlord  
  195  13:41  Baneling x14  
  184  14:13  Hatchery  
  184  14:14  Zergling x2  
  184  14:15  Zergling x24  
  185  14:28  Zergling x8, Ultralisk x3  
  161  14:50  Drone x7, Hatchery  
  161  14:52  Hatchery  
  160  14:57  Corruptor x8  
  160  14:58  Corruptor  
  178  15:05  Ravager  
  178  15:06  Ravager x2  
  181  15:09  Zerg Flyer Weapons Level 1  
  181  15:11  Drone  
  182  15:15  Zergling x14  
  182  15:16  Zergling x4  
  182  15:20  Spore Crawler  
  190  15:28  Zergling x12  
  196  15:44  Overlord x2  
  196  15:48  Baneling x40  
  197  16:03  Overlord  
  197  16:04  Hatchery  
  182  16:23  Zergling x30  
  170  16:31  Ultralisk  
  170  16:32  Zergling x6  
  176  16:41  Zergling x16  
  184  16:48  Zergling x2, Ultralisk  
  189  16:56  Baneling x9  
  189  16:57  Hatchery  
  189  16:58  Baneling x11  
  188  17:05  Zergling x12  
  194  17:14  Infestor  
  185  17:19  Zergling x22  
  194  17:30  Zergling x12  
  197  17:44  Hatchery  
  181  18:07  Zergling x2  
  181  18:08  Zergling x38  
  173  18:18  Zergling x6  
  163  18:27  Ultralisk x3  
  163  18:33  Zergling x8  
  185  18:38  Infestor  
  188  18:41  Zergling x8  
  170  18:55  Zergling x2  
  170  18:56  Zergling x12  
Show
View Real Time Build Order
Export as new Build Order

Bunny Terran 

Build Orders: Reaper Expand, Hellion Banshee 

Get SALT Encoding   

  12  0:00  SCV  
  13  0:12  SCV  
  14  0:17  Supply Depot  
  14  0:24  SCV  
  15  0:39  SCV  
  15  0:41  Barracks  
  16  0:43  Refinery  
  16  0:51  SCV  
  17  1:03  SCV  
  18  1:15  SCV  
  19  1:27  Orbital Command  
  19  1:28  Reaper  
  20  1:39  Command Center  
  20  1:47  Supply Depot  
  20  1:53  SCV  
  21  2:00  Marine  
  22  2:05  SCV  
  23  2:10  Factory  
  23  2:17  SCV  
  23  2:21  Barracks Reactor  
  24  2:29  SCV  
  25  2:41  SCV  
  25  2:43  Command Center  
  26  2:51  Orbital Command  
  26  2:53  SCV  
  27  2:59  Starport  
  27  3:02  Refinery  
  27  3:06  SCV  
  27  3:11  Hellion  
  30  3:14  Hellion  
  30  3:17  SCV  
  30  3:19  SCV  
  34  3:21  Barracks Tech Lab  
  34  3:29  SCV  
  34  3:31  SCV  
  34  3:32  Hellion  
  38  3:35  Hellion  
  40  3:41  SCV  
  40  3:43  SCV  
  40  3:48  Banshee  
  42  3:53  SCV  
  42  3:55  Hellion, Cloaking Field  
  48  3:57  Hellion  
  48  4:00  Orbital Command  
  48  4:02  SCV  
  51  4:05  SCV  
  51  4:07  Barracks Tech Lab  
  51  4:09  Supply Depot  
  52  4:14  SCV  
  53  4:18  SCV  
  54  4:25  SCV  
  54  4:26  Barracks, SCV  
  54  4:28  Barracks, Marine  
  54  4:30  SCV  
  58  4:32  Banshee  
  58  4:35  Stimpack  
  61  4:40  Supply Depot, SCV x2  
  61  4:42  SCV  
  64  4:46  Factory Reactor  
  64  4:49  Engineering Bay  
  64  4:51  Engineering Bay  
  64  4:52  Orbital Command  
  64  4:53  SCV  
  64  4:54  SCV  
  64  4:59  Refinery  
  66  5:02  Supply Depot  
  66  5:06  Marine, SCV x2  
  69  5:10  Refinery  
  69  5:14  Barracks  
  69  5:16  Barracks  
  69  5:18  SCV x2  
  69  5:19  SCV  
  72  5:28  Orbital Command  
  72  5:31  Marine  
  72  5:32  Marine x2  
  72  5:35  Marine, SCV x3  
  76  5:36  Marine  
  76  5:38  Siege Tank  
  80  5:43  Starport Reactor, Terran Infantry Weapons Level 1  
  80  5:44  Terran Infantry Armor Level 1  
  80  5:47  Supply Depot, SCV x2  
  78  5:58  SCV  
  78  5:59  SCV x2  
  78  6:00  Marine x4  
  85  6:07  Supply Depot  
  85  6:08  Barracks Reactor  
  85  6:09  Marine  
  85  6:10  Siege Tank  
  89  6:12  SCV x3  
  89  6:13  Supply Depot  
  89  6:15  Barracks Reactor  
  89  6:18  Marine  
  93  6:19  Combat Shield  
  93  6:26  Supply Depot  
  93  6:29  SCV x3, Medivac  
  98  6:33  Medivac  
  98  6:39  Marine x5, Supply Depot  
  104  6:41  SCV  
  104  6:42  SCV x2  
  104  6:43  Siege Tank  
  111  6:49  Refinery  
  111  6:51  Supply Depot  
  111  6:52  Supply Depot  
  111  6:53  SCV, Marine x4  
  116  6:57  SCV x2, Marine x4  
  116  7:00  Armory  
  122  7:01  Medivac  
  122  7:05  SCV  
  125  7:09  Marine, SCV  
  125  7:10  Marine  
  125  7:11  Marine x3  
  125  7:13  Medivac  
  125  7:14  Refinery  
  125  7:15  Marine x2  
  135  7:20  SCV x2  
  135  7:21  SCV  
  132  7:24  Siege Tank, Marine x2  
  137  7:33  Command Center  
  137  7:36  Supply Depot  
  137  7:37  Supply Depot, Marine x3  
  137  7:38  Marine x4  
  144  7:53  Terran Infantry Weapons Level 2, Terran Infantry Armor Level 2  
  144  7:59  Terran Vehicle Weapons Level 1  
  144  8:01  Marine x9  
  153  8:06  Factory  
  153  8:09  Siege Tank  
  153  8:12  Supply Depot  
  156  8:14  Supply Depot  
  156  8:19  Marine  
  152  8:22  Marine  
  152  8:23  Marine x6  
  154  8:28  Medivac x2  
  154  8:31  Barracks x2, SCV x3  
  161  8:34  Barracks  
  161  8:36  Marine  
  161  8:37  Marine  
  161  8:40  Marine x4  
  161  8:41  Marine  
  168  8:42  Siege Tank  
  168  8:46  Marine x2  
  173  8:57  Factory Tech Lab  
  173  8:58  Medivac x2  
  173  8:59  Marine  
  173  9:00  Marine x6  
  184  9:05  SCV x3  
  187  9:17  SCV x3  
  187  9:18  Marauder  
  187  9:19  Siege Tank, Sensor Tower  
  195  9:26  Siege Tank  
  195  9:31  Barracks Tech Lab x3  
  182  9:32  Marine x8  
  187  9:39  Marauder  
  187  9:40  Planetary Fortress  
  187  9:44  Medivac x2  
  193  9:51  Siege Tank  
  195  9:56  Marauder  
  195  10:00  Marauder  
  195  10:02  Marauder  
  195  10:03  Marauder  
  195  10:06  Refinery  
  196  10:07  Refinery  
  196  10:08  Sensor Tower  
  196  10:24  Marauder  
  196  10:27  Ghost Academy  
  196  10:36  Marauder  
  196  10:39  Siege Tank  
  196  10:41  Siege Tank, Marauder x2  
  183  10:43  Marine x8  
  183  10:46  Marauder  
  169  10:57  Liberator x2  
  169  10:58  Marauder  
  169  11:01  Marine x4  
  169  11:02  Marauder, Marine x4  
  169  11:03  Marauder  
  189  11:04  Missile Turret  
  189  11:07  Marauder  
  189  11:10  Terran Infantry Weapons Level 3  
  190  11:11  Siege Tank  
  190  11:14  Siege Tank  
  196  11:22  Terran Infantry Armor Level 3  
  196  11:26  Supply Depot  
  196  11:30  Command Center  
  196  11:34  Marauder x2  
  196  11:38  Marauder  
  196  11:39  Marauder  
  166  11:40  Marine x8  
  166  11:44  Siege Tank  
  166  11:46  Siege Tank  
  167  11:50  Liberator  
  165  11:55  Marine x2  
  165  11:57  Marine  
  161  12:01  Marauder x2  
  161  12:02  Marine x7  
  149  12:11  Liberator  
  149  12:13  Marine x2  
  149  12:15  Marine  
  152  12:16  Siege Tank  
  152  12:20  Marine  
  153  12:22  Marauder  
  153  12:23  Marauder  
  153  12:24  Marine x6  
  142  12:31  Marauder, Marine  
  142  12:33  Siege Tank, Liberator, Marine  
  152  12:44  Marauder x2  
  154  12:48  Siege Tank  
  154  12:50  Marine x5  
  139  12:53  Liberator  
  128  13:06  Siege Tank  
  128  13:07  Marauder  
  128  13:11  Marine x5  
  135  13:14  Marauder x2  
  135  13:16  Liberator  
  142  13:21  Marine  
  142  13:22  Marine x2  
  142  13:23  Siege Tank  
  142  13:25  Marauder  
  150  13:28  Marauder  
  150  13:29  Marine x3  
  150  13:33  Concussive Shells  
  155  13:38  Siege Tank  
  158  13:46  Marauder  
  158  13:47  Marauder x2  
  164  13:50  Marine x3  
  164  13:51  Marine  
  164  13:53  Medivac  
  164  13:56  Siege Tank  
  164  13:59  Medivac  
  164  14:01  Marauder  
  164  14:02  Supply Depot  
  171  14:03  Supply Depot  
  171  14:15  Marauder x2  
  170  14:17  Ghost  
  170  14:21  Ghost  
  156  14:27  Marine x6  
  156  14:28  Marine  
  156  14:29  Siege Tank x2  
  156  14:30  Marine  
  146  14:33  Orbital Command  
  146  14:37  Marine  
  132  14:38  Marine  
  132  14:45  Marine x5  
  117  14:49  Marine, Marauder  
  124  15:19  Missile Turret  
  124  15:24  Supply Depot  
  124  15:25  Supply Depot  
  124  15:26  Supply Depot  
  124  15:28  Supply Depot  
  120  15:45  Siege Tank, Marine  
  120  15:46  Factory Tech Lab, Marine x2  
  120  15:47  Marine x4, Marauder x3  
  120  15:48  Marauder  
  138  15:53  Liberator x2  
  138  15:54  Command Center  
  138  15:55  Refinery  
  144  15:59  Refinery  
  144  16:07  Ghost x2  
  144  16:08  Marauder, Supply Depot x2  
  150  16:17  Siege Tank  
  142  16:20  Marine, Marauder  
  142  16:24  Marine  
  142  16:25  Marine x6  
  129  16:29  Marine  
  129  16:30  Factory Tech Lab  
  121  16:36  Marine x2  
  121  16:38  Liberator x2, Marine  
  130  16:41  Marine  
  130  16:46  Ghost  
  131  16:54  Ghost  
  133  16:56  Siege Tank  
  133  16:57  Siege Tank  
  138  17:28  Siege Tank  
  138  17:29  Siege Tank  
  144  17:32  Sensor Tower  
  144  17:34  Missile Turret  
  144  17:43  Missile Turret  
  144  17:47  Missile Turret  
  144  17:49  Medivac  
  133  18:00  Siege Tank  
  133  18:01  Siege Tank  
  121  18:12  Marauder  
  99  18:15  Marine x6  
  97  18:29  Marine x3  
  97  18:32  Siege Tank  
  97  18:33  Siege Tank  
  106  18:40  Marine x4  
  77  18:55  Marine  
  77  18:56  Marine x4  

Tags
 
Add a new tag
Caveats
  • Supply blocks, unpowered buildings, or Contaminate may cause inaccurate times.
  • Supply counts are checked every 10 seconds.